 Dungeon Crawl Stone Soup version 0.29.1-12-g30fa7ad0bf (webtiles) character file.

Game seed: 13474359953894647498

863 Sanktem7 the Trooper (level 7, 0/66 HPs)
             Began as a Minotaur Fighter on Dec 15, 2022.
             Was an Initiate of Trog.
             Slain by Grinder (2 damage)
             ... on level 5 of the Dungeon.
             The game lasted 00:08:41 (5336 turns).

Sanktem7 the Trooper (Minotaur Fighter)             Turns: 5336, Time: 00:08:41

Health: 0/66       AC: 20    Str: 22    XL:     7   Next: 72%
Magic:  6/6        EV:  7    Int:  5    God:    Trog [......]
Gold:   260        SH:  4    Dex: 10    Spells: 6/6 levels left

rFire   . . .      SeeInvis .   v - +0 hammer (protect)
rCold   . . .      Faith    .   c - +0 buckler
rNeg    . . .      Spirit   .   p - +0 chain mail
rPois   .          Reflect  .   u - +0 hat
rElec   .          Harm     .   w - +0 cloak
rCorr   .          Rampage  .   j - +0 pair of gloves
Will    .....                   s - +0 pair of boots
Stlth   ..........              (no amulet)
HPRegen 0.21/turn               q - ring of wizardry
MPRegen 0.10/turn               (no ring)

@: under a protective aura
A: horns 2, retaliatory headbutt
a: Renounce Religion


You were on level 5 of the Dungeon.
You worshipped Trog.
Trog was noncommittal.
You visited 2 branches of the dungeon, and saw 6 of its levels.

You collected 260 gold pieces.


Innate Abilities, Weirdness & Mutations

You have a pair of horns on your head.
You reflexively headbutt those who attack you in melee.


   Skills:
 * Level 7.2 Fighting
 + Level 5.6(6.4) Axes
 * Level 4.7(6.0) Maces & Flails
 + Level 5.7 Armour
 - Level 3.6 Shields


You had 6 spell levels left.
You didn't know any spells.
Your spell library was empty.

Inventory:

Hand Weapons
 a - a +0 war axe {axe}
 v - a +0 hammer of protection (weapon)
   (You found it on level 2 of the Dungeon)
Missiles
 b - 10 poisoned darts {throwing}
 f - 52 stones (quivered) {throwing}
Armour
 c - a +0 buckler (worn)
 j - a +0 pair of gloves (worn)
   (You found it on level 1 of the Dungeon)
 p - a +0 chain mail (worn)
   (You found it on level 1 of the Dungeon)
 s - a +0 pair of boots (worn)
   (You found it on level 2 of the Dungeon)
 u - a +0 hat (worn)
   (You found it on level 2 of the Dungeon)
 w - a +0 cloak (worn)
   (You took it off Crazy Yiuf on level 2 of the Dungeon)
Magical Staves
 B - a staff of earth {!astaff}
   (You found it on level 4 of the Dungeon)
 D - a staff of earth {!astaff}
   (You found it on level 5 of the Dungeon)
Jewellery
 q - a ring of wizardry (left hand)
   (You found it on level 2 of the Dungeon)
Wands
 z - a wand of iceblast (11)
   (You found it on level 4 of the Dungeon)
Scrolls
 e - a scroll of identify {@r1}
 k - a scroll of poison {!r}
 n - a scroll of vulnerability {!r!r}
 o - a scroll of brand weapon
 y - 3 scrolls of amnesia {unknown}
 A - a scroll of teleportation {unknown}
 E - a scroll of magic mapping {unknown}
Potions
 d - a potion of might
 g - a potion of degeneration {!q@e2}
 h - 3 potions of flight {unknown}
 i - 2 potions of resistance {unknown}
 l - a potion of cancellation
 m - a potion of brilliance {unknown}
 r - a potion of invisibility {unknown}
 t - 2 potions of curing {@q1}
 x - 2 potions of heal wounds {unknown}
 C - a potion of mutation {unknown}

Dungeon Overview and Level Annotations

Branches:
Dungeon (5/15) Zot: 24665  Temple (1/1) D:5 Zot: 5911

Altars:
Cheibriados
Dithmenos
Elyvilon
Kikubaaqudgha
Okawaru
Ru
Sif Muna
Trog
Uskayaw
Xom
Yredelemnul
Zin
The Shining One

Shops:
D:4 ([:

Annotations:
D:5 Grinder # # # # # # #.################## #.5@................ ####################

You could see Grinder.


Message History

You feel sick. 😮 HP[-1]
You take 1 damage, and now have 39/66 hp.
You feel sick.
You feel sick.
You feel sick.
You feel sick.
You feel sick.
You are no longer poisoned.
You now have 260 gold pieces (gained 14).
You open the door.
There is an open door here.
Key pressed, stopping explore.
There is an open door here.
f - 52 stones {throwing} (gained 6) Key pressed, stopping explore.
You open the door.
Found an iron altar of Okawaru.
Found an escape hatch in the floor. 😎 HP[+27]
Your hp is fully restored (66).
Grinder comes into view.
Grinder shouts!
Grinder gestures at you.
You suddenly lose the ability to move!
Grinder hits you.
You writhe in agony.
Grinder says, "I used to sell toenails on the black market."
Grinder hits you but does no damage.
You can move again. 😕 HP[-2]
You take 2 damage, and now have 64/66 hp.
You closely miss Grinder. Your headbutt misses Grinder.
Grinder hits you but does no damage. 😕 HP[+1]
You barely miss Grinder. You headbutt Grinder, but do no damage.
Grinder barely misses you.
You barely miss Grinder. Your headbutt misses Grinder. Grinder hits you.
You writhe in agony.
Grinder hits you!
You writhe in agony. 😮 HP[-23]
You take 23 damage, and now have 42/66 hp.
MASSIVE DAMAGE!! (PAUSE)
You hit Grinder.
Your weapon exudes an aura of protection.
Grinder gestures at you.
You struggle to resist.
You completely miss Grinder. Grinder hits you but does no damage.
You barely miss Grinder.
Grinder hits you but does no damage. 😮 HP[+1]
You hit Grinder but do no damage. Grinder barely misses you.
You furiously retaliate!
You headbutt Grinder. You barely miss Grinder. Grinder hits you.
You writhe in agony. 😮 HP[-8]
You take 8 damage, and now have 35/66 hp.
You closely miss Grinder. Grinder hits you but does no damage.
You closely miss Grinder. Your headbutt misses Grinder.
Grinder hits you but does no damage. Grinder hits you.
You writhe in agony.
* * * LOW HITPOINT WARNING * * *
😨 HP[-5]
You take 5 damage, and now have 30/66 hp.
You hit Grinder.
Your weapon exudes an aura of protection.
Grinder gestures at you.
You suddenly lose the ability to move!
Grinder hits you but does no damage. x3
You can move again. 😨 HP[+1]
You sock Grinder!
Your weapon exudes an aura of protection.
You headbutt Grinder. Grinder gestures at you.
You resist with significant effort.
You hit Grinder. Grinder hits you but does no damage.
You barely miss Grinder.
Grinder blinks!
Grinder gestures at you.
You suddenly lose the ability to move!
Grinder hits you but does no damage. x2
Grinder completely misses you. Grinder hits you.
* * * LOW HITPOINT WARNING * * *
You writhe in agony.
* * * LOW HITPOINT WARNING * * *
You can move again. 😨 HP[-6]
You take 6 damage, and now have 25/66 hp.
You barely miss Grinder. Grinder hits you!
* * * LOW HITPOINT WARNING * * *
You writhe in agony.
* * * LOW HITPOINT WARNING * * *
😱 HP[-13]
You take 13 damage, and now have 12/66 hp.
You barely miss Grinder. Grinder gestures at you.
Pain shoots through your body!
* * * LOW HITPOINT WARNING * * *
You block Grinder's attack. 😱 HP[-10]
You take 10 damage, and now have 2/66 hp.
You sock Grinder!
Your weapon exudes an aura of protection.
Grinder hits you.
You die...

Skill      XL: |  1  2  3  4  5  6  7 |
---------------+----------------------+-----
Fighting       | 4 5 6 7 |  7.2
Axes           | 3 4 5 |  5.6
Armour         | 4 5 |  5.7
Maces & Flails | 2 3 4 |  4.7
Shields        | |  3.6

Action                   |  1- 3 |  4- 6 |  7- 9 || total
-------------------------+-------+-------+-------++-------
Melee: War axe           |    98 |    40 |       ||   138
       Headbutt          |     7 |    24 |    17 ||    48
       Mace              |       |    95 |    56 ||   151
  Use: Scroll            |       |     6 |       ||     6
Armor: Scale mail        |    35 |       |       ||    35
       Chain mail        |    38 |   104 |    40 ||   182
Dodge: Dodged            |    47 |    44 |    15 ||   106
Block: Buckler           |    29 |    31 |    10 ||    70

Levels and vault maps discovered:
D:1:      lightli_molten_gateway, layout_basic
D:2:      layout_basic, basic_altar, hellmonk_ecumenical_altar_dog_temple,
          glass_columns_a, uniq_terence, uniq_robin, uniq_crazy_yiuf_cottage
D:3:      layout_basic
D:4:      layout_basic, kiku_gazebo_garden_becter, serial_shops,
          nicolae_shop_stone, nicolae_shop_hallway_plus, nicolae_diamond_shop
D:5:      layout_basic, general_overflow_altar,
          mainiacjoe_overflow_cross_hatched, marbit_many_paths,
          mainiacjoe_overflow_boulevard, minmay_temple_entry_antechambers,
          uniq_duvessa, uniq_edmund, uniq_grinder
Temple:   cyrus_temple_forest

Notes
Turn   | Place    | Note
-------+----------+-------------------------------------------
     0 | D:1      | Sanktem7 the Minotaur Fighter began the quest for the Orb.
     0 | D:1      | Reached XP level 1. HP: 19/19 MP: 0/0
     0 | D:1      | magus.rc [v1.9.6]
   187 | D:1      | Reached XP level 2. HP: 25/27 MP: 1/1
   196 | D:1      | Reached skill level 4 in Fighting
   437 | D:1      | Reached skill level 3 in Axes
   998 | D:2      | Reached XP level 3. HP: 20/33 MP: 2/2
  1000 | D:2      | Reached skill level 4 in Armour
  1154 | D:2      | Found a sacrificial altar of Ru.
  1353 | D:2      | Found a faded altar of an unknown god.
  1376 | D:2      | Noticed Terence
  1384 | D:2      | Killed Terence
  1385 | D:2      | Reached XP level 4. HP: 37/41 MP: 3/3
  1386 | D:2      | Reached skill level 4 in Axes
  1711 | D:2      | Reached skill level 5 in Fighting
  1825 | D:2      | Found a runed translucent door.
  1826 | D:2      | Noticed Crazy Yiuf
  1921 | D:2      | Noticed Robin
  1937 | D:2      | Killed Robin
  2295 | D:2      | Killed Crazy Yiuf
  2296 | D:2      | Reached XP level 5. HP: 22/48 MP: 0/4
  3061 | D:3      | Reached skill level 1 in Maces & Flails
  3289 | D:4      | Found Mebet's Book Shop.
  3378 | D:4      | Found an ancient bone altar of Kikubaaqudgha.
  3549 | D:4      | Found Haipnoun's Armour Emporium.
  3808 | D:4      | Noticed a black bear
  3815 | D:4      | Killed a black bear
  3816 | D:4      | Reached skill level 6 in Fighting
  3816 | D:4      | Reached skill level 2 in Maces & Flails
  3816 | D:4      | Reached XP level 6. HP: 57/57 MP: 5/5
  4008 | D:4      | Found Tujuhaor's Antique Weapon Emporium.
  4174 | D:5      | Entered Level 5 of the Dungeon
  4180 | D:5      | Noticed Dowan
  4181 | D:5      | Noticed Duvessa
  4195 | D:5      | Reached skill level 5 in Armour
  4207 | D:5      | Killed Duvessa
  4208 | D:5      | Reached skill level 5 in Axes
  4208 | D:5      | Reached skill level 3 in Maces & Flails
  4215 | D:5      | Killed Dowan
  4216 | D:5      | Reached XP level 7. HP: 31/64 MP: 6/6
  4486 | D:5      | Found a snail-covered altar of Cheibriados.
  4585 | D:5      | Noticed Edmund
  4604 | D:5      | Killed Edmund
  4605 | D:5      | Reached skill level 7 in Fighting
  4605 | D:5      | Reached skill level 4 in Maces & Flails
  4884 | D:5      | Found a staircase to the Ecumenical Temple.
  4893 | Temple   | Entered the Ecumenical Temple
  4951 | Temple   | Became a worshipper of Trog the Wrathful
  5220 | D:5      | Found an iron altar of Okawaru.
  5305 | D:5      | Noticed Grinder
  5308 | D:5      | Paralysed by Grinder for 3 turns
  5321 | D:5      | Paralysed by Grinder for 4 turns
  5329 | D:5      | Paralysed by Grinder for 5 turns
  5334 | D:5      | HP: 12/66 [Grinder (6)]
  5335 | D:5      | HP: 2/66 [Grinder/nerve-wracking pain (10)]
  5336 | D:5      | Slain by Grinder

Vanquished Creatures
  Edmund (D:5)
  Duvessa (D:5)
  A black bear (D:4)
  A centaur (D:5)
  2 scorpions (D:5)
  Dowan (D:5)
  2 howler monkeys (D:5)
  Crazy Yiuf (D:2)
  An orc priest (D:4)
  Terence (D:2)
  An orc wizard (D:4)
  Robin (D:2)
  4 adders
  A worm (D:2)
  4 dart slugs
  5 orcs
  11 endoplasms
  3 giant cockroaches
  7 hobgoblins
  6 jackals (D:2)
  2 quokkas
  9 ball pythons
  8 bats
  3 frilled lizards
  12 goblins
  10 kobolds
  4 rats
103 creatures vanquished.

Vanquished Creatures (others)
  4 withered plants (D:4)
4 creatures vanquished.

Grand Total: 107 creatures vanquished

Table legend:
 A = Non-vault XP
 B = Vault XP
 C = Vault XP percentage of total XP
 D = Non-vault monster count
 E = Vault monster count
 F = Vault count percentage of total count
                 A         B        C        D         E       F
            +---------+---------+-------+---------+---------+-------
      Total |     776 |     457 |  37.1 |      88 |      15 |  14.6
            +---------+---------+-------+---------+---------+-------
        D:1 |      39 |       0 |   0.0 |      26 |       0 |   0.0
        D:2 |      68 |     104 |  60.5 |      24 |      12 |  33.3
        D:3 |      57 |       0 |   0.0 |      18 |       0 |   0.0
        D:4 |     220 |       0 |   0.0 |      12 |       0 |   0.0
        D:5 |     392 |     353 |  47.4 |       8 |       3 |  27.3
            +---------+---------+-------+---------+---------+-------

Illustrated notes

Table legend:
 A = Kills in this place as a percentage of kills in entire the game.
 B = Kills by you in this place as a percentage of kills by you in the entire game.
 C = Kills by friends in this place as a percentage of kills by friends in the entire game.
 D = Other kills in this place as a percentage of other kills in the entire game.
 E = Experience gained in this place as a percentage of experience gained in the entire game.
 F = Experience gained in this place divided by the number of levels of this place that you have seen.
                   A       B       C       D       E      F
               +-------+-------+-------+-------+-------+----------------------
         Total | 100.0 | 100.0 |   N/A |   N/A | 100.0 | 205.5
       Dungeon | 100.0 | 100.0 |   N/A |   N/A | 100.0 | 246.6
               +-------+-------+-------+-------+-------+----------------------

Table legend: (Time is in decaauts)
 A = Elapsed time spent in this place.
 B = Non-inter-level travel time spent in this place.
 C = Inter-level travel time spent in this place.
 D = Time resting spent in this place.
 E = Time spent auto-exploring this place.
 F = Levels seen in this place.
 G = Mean time per level.
                   A        B        C        D        E       F      G
               +--------+--------+--------+--------+--------+-----+--------+
         Total |   5422 |   5175 |    247 |    147 |   4247 |   6 |  903.7 |
       Dungeon |   5333 |   5126 |    207 |    147 |   4207 |   5 | 1066.6 |
        Temple |     88 |     48 |     40 |      0 |     40 |   1 |   88.0 |
               +--------+--------+--------+--------+--------+-----+--------+

Top non-repeatable levels by time:
     D:2: 1582 daAuts
     D:5: 1089 daAuts
     D:1: 1013 daAuts
     D:4: 971 daAuts
     D:3: 677 daAuts
  Temple: 88 daAuts
